[Event "Kupreichik Memorial Open 2018"]
[Site "Minsk"]
[Date "2018.06.22"]
[Round "7"]
[White "Cherepov, Alexej"]
[Black "Papunidi, Matvey"]
[Result "1/2-1/2"]
[ECO "D10"]
[WhiteElo "2234"]
[BlackElo "1751"]
[Annotator "NA"]
[PlyCount "114"]
[EventDate "2018.06.21"]
[EventCountry "BLR"]
[SourceTitle "playchess.com"]
[Source "ChessBase"]
[SourceQuality "1"]
[TimeControl "900+10"]

1. d4 d5 2. c4 c6 3. Nc3 dxc4 4. e3 b5 5. a4 b4 6. Ne4 Qd5 7. Ng3 Nf6 8. Be2 e6 9. e4 Nxe4 10. Bf3 f5 11. N1e2 Bd6 12. O-O Nd7 13. Nf4 Bxf4 14. Bxf4 O-O 15. Re1 Ndf6 16. Be5 Bb7 17. Bxf6 Rxf6 18. Nxe4 fxe4 19. Bxe4 Qd6 20. Rc1 Raf8 21. f3 Ba6 22. Kh1 Rd8 23. Qe2 Qxd4 24. Bxc6 Qb6 25. Bb5 Bxb5 26. axb5 Qxb5 27. Qxc4 Qxc4 28. Rxc4 a5 29. Rc2 Kf7 30. h3 Rf5 31. Rc7+ Kf6 32. Re2 Rfd5 33. Kg1 Rd2 34. Kf2 Rxe2+ 35. Kxe2 Rd5 36. Rb7 h5 37. h4 g6 38. g3 g5 39. hxg5+ Rxg5 40. Kf2 Rc5 41. Ra7 Rc2+ 42. Ke3 Rxb2 43. Rxa5 e5 44. Ke4 Re2+ 45. Kd3 Rg2 46. Rb5 Rxg3 47. Ke4 h4 48. Rxb4 h3 49. Rb8 h2 50. Rh8 Rg2 51. Rh6+ Kg5 52. Rh8 Re2+ 53. Kd3 Ra2 54. Ke4 Ra4+ 55. Kxe5 Rh4 56. Rg8+ Kh5 57. Rh8+ Kg5 {[%emt 0:00:01] Ke4} 1/2-1/2

[Event "Kupreichik Memorial Open 2018"]
[Site "Minsk"]
[Date "2018.06.22"]
[Round "7"]
[White "Katashuk, Uladzislau"]
[Black "Zagorskii, Artem"]
[Result "0-1"]
[ECO "A00"]
[WhiteElo "2149"]
[BlackElo "1705"]
[Annotator "NA"]
[PlyCount "84"]
[EventDate "2018.06.21"]
[EventCountry "BLR"]
[SourceTitle "playchess.com"]
[Source "ChessBase"]
[SourceQuality "1"]
[TimeControl "900+10"]

1. g4 d5 2. Bg2 c6 3. h3 e5 4. d4 e4 5. c4 Be7 6. Nc3 Nf6 7. Bg5 h6 8. Bxf6 Bxf6 9. e3 a5 10. cxd5 cxd5 11. Qb3 Be6 12. Qxb7 Na6 13. Qb5+ Kf8 14. Nge2 Nb4 15. O-O Bd7 16. Qb7 Bc6 17. Qxa8 Bxa8 18. a3 Nd3 19. Rab1 Kg8 20. Rfd1 Kh7 21. f3 Bh4 22. fxe4 Nf2 23. exd5 Nxd1 24. Rxd1 Bg5 25. e4 Be3+ 26. Kh1 Qb6 27. e5 Bg5 28. Rf1 Kg8 29. Be4 h5 30. Kg2 hxg4 31. hxg4 Be3 32. Rf5 Qxb2 33. Rf1 Qb6 34. Rb1 Qd8 35. Kf3 Rh3+ 36. Kg2 Rh8 37. Kf3 Bd2 38. g5 g6 39. d6 Bxc3 40. Nxc3 Rh3+ 41. Kf4 Rxc3 42. Bb7 Rh3 0-1

[Event "Kupreichik Memorial Open 2018"]
[Site "Minsk"]
[Date "2018.06.22"]
[Round "7"]
[White "Fedotov, Konstantin"]
[Black "Tsvetkova, Vladislava"]
[Result "1-0"]
[ECO "B15"]
[WhiteElo "2090"]
[BlackElo "1697"]
[Annotator "NA"]
[PlyCount "34"]
[EventDate "2018.06.21"]
[EventCountry "BLR"]
[SourceTitle "playchess.com"]
[Source "ChessBase"]
[SourceQuality "1"]
[TimeControl "900+10"]

1. e4 c6 2. d4 d5 3. Nd2 dxe4 4. Nxe4 Nf6 5. Ng3 Qc7 6. c4 Bg4 7. Qb3 Nbd7 8. h3 Be6 9. Bd3 O-O-O 10. N1e2 g6 11. a4 h5 12. a5 h4 13. Bf4 Ne5 14. Bxe5 Qd7 15. Nf1 c5 16. d5 Bf5 17. Qa3 e6 1-0

[Event "Kupreichik Memorial Open 2018"]
[Site "Minsk"]
[Date "2018.06.22"]
[Round "7"]
[White "Runets, Ivan"]
[Black "Barskij, Vladimir"]
[Result "1/2-1/2"]
[ECO "D02"]
[WhiteElo "2027"]
[BlackElo "2352"]
[Annotator "NA"]
[PlyCount "88"]
[EventDate "2018.06.21"]
[EventCountry "BLR"]
[SourceTitle "playchess.com"]
[Source "ChessBase"]
[SourceQuality "1"]
[TimeControl "900+10"]

1. d4 d5 2. Nf3 Nc6 3. Bf4 Bg4 4. e3 e6 5. Be2 Bd6 6. Bg3 Nf6 7. Nbd2 O-O 8. O-O Re8 9. c4 dxc4 10. Nxc4 Ne4 11. Rc1 Bxg3 12. hxg3 Qd5 13. Nce5 Nxe5 14. Nxe5 Bxe2 15. Qxe2 c5 16. Nf3 cxd4 17. exd4 Rac8 18. Qe3 Nf6 19. a3 b6 20. Rc3 Qb7 21. Rfc1 Nd5 22. Rxc8 Rxc8 23. Qd2 Rxc1+ 24. Qxc1 Qc7 25. Qxc7 Nxc7 26. Kf1 f6 27. Ke2 Kf7 28. Kd3 Ke7 29. Nd2 h6 30. Ne4 f5 31. Nd2 g5 32. Nc4 Nd5 33. Ne5 a6 34. Nf3 g4 35. Ne5 h5 36. Kc4 Nf6 37. Kd3 Ne4 38. Ke3 Kd6 39. Nd3 Nf6 40. f3 Nd5+ 41. Kd2 a5 42. Ne5 b5 43. Nf7+ Ke7 44. Ne5 Ke8 1/2-1/2

[Event "Kupreichik Memorial Open 2018"]
[Site "Minsk"]
[Date "2018.06.22"]
[Round "7"]
[White "Kalinin, Dmitry"]
[Black "Nigmatov, Ortik"]
[Result "0-1"]
[ECO "E67"]
[WhiteElo "1995"]
[BlackElo "2210"]
[Annotator "NA"]
[PlyCount "68"]
[EventDate "2018.06.21"]
[EventCountry "BLR"]
[SourceTitle "playchess.com"]
[Source "ChessBase"]
[SourceQuality "1"]
[TimeControl "900+10"]

1. d4 Nf6 2. Nf3 g6 3. g3 Bg7 4. Bg2 O-O 5. O-O d6 6. c4 Nbd7 7. Nc3 e5 8. dxe5 dxe5 9. h3 Re8 10. Be3 Qe7 11. Qc2 c6 12. Rad1 a5 13. Na4 b5 14. cxb5 cxb5 15. Nc5 Nxc5 16. Bxc5 Qc7 17. Rc1 Bh6 18. e3 Be6 19. Nxe5 Qxe5 20. Bd4 Qg5 21. h4 Qg4 22. Bxa8 Rxa8 23. Bxf6 Qf3 24. Qc6 Bd5 25. Qxa8+ Bxa8 26. Rc8+ Bf8 27. Rxa8 Qxa8 28. Rc1 Bg7 29. Bxg7 Kxg7 30. Rc5 Qb7 31. Kf1 Qh1+ 32. Ke2 Qb1 33. Rxb5 Qc2+ 34. Ke1 Qc1+ 0-1

[Event "Kupreichik Memorial Open 2018"]
[Site "Minsk"]
[Date "2018.06.22"]
[Round "7"]
[White "Romanovskij, Nikita"]
[Black "Girshgorn, Maria"]
[Result "1-0"]
[ECO "A48"]
[WhiteElo "1990"]
[BlackElo "1805"]
[Annotator "NA"]
[PlyCount "123"]
[EventDate "2018.06.21"]
[EventCountry "BLR"]
[SourceTitle "playchess.com"]
[Source "ChessBase"]
[SourceQuality "1"]
[TimeControl "900+10"]

1. d4 Nf6 2. Nf3 g6 3. Bg5 Bg7 4. Nbd2 d6 5. e3 O-O 6. Be2 Nbd7 7. O-O e5 8. c3 c6 9. Bh4 Qc7 10. Bg3 Nh5 11. Nc4 Nxg3 12. hxg3 e4 13. Ne1 d5 14. Nd2 Nf6 15. c4 h5 16. Rc1 Qe7 17. cxd5 cxd5 18. Qc2 Bd7 19. Qb3 Rac8 20. Rxc8 Bxc8 21. Nc2 Rd8 22. Qa3 Qxa3 23. Nxa3 a6 24. Rc1 Bf8 25. Nb3 Bxa3 26. bxa3 b6 27. a4 Bb7 28. a5 b5 29. Nc5 Rc8 30. Rb1 Rc7 31. a4 Nd7 32. Nxb7 Rxb7 33. axb5 axb5 34. Rxb5 Ra7 35. Rxd5 Kf8 36. a6 Ke7 37. Bb5 Nb8 38. Bc4 f5 39. Rb5 Nd7 40. Rb2 Kd6 41. Bb5 Nb8 42. Rc2 Kd5 43. Kh2 Kd6 44. Kh3 g5 45. Rc5 Ke6 46. f3 g4+ 47. fxg4 hxg4+ 48. Kh2 Nd7 49. Bxd7+ Rxd7 50. Kg1 Ra7 51. Ra5 Kd7 52. Kf2 Kc7 53. Ke2 Kb6 54. Ra2 Kc7 55. Kd2 Kb8 56. Ra5 Rf7 57. a7+ Ka8 58. d5 Rc7 59. d6 Rd7 60. Ra6 Rd8 61. Kc3 Rc8+ 62. Kd4 1-0

[Event "Kupreichik Memorial Open 2018"]
[Site "Minsk"]
[Date "2018.06.22"]
[Round "7"]
[White "Tsaruk, Maksim"]
[Black "Tkachou, Viktar"]
[Result "1-0"]
[ECO "B41"]
[WhiteElo "1980"]
[BlackElo "1791"]
[Annotator "NA"]
[PlyCount "51"]
[EventDate "2018.06.21"]
[EventCountry "BLR"]
[SourceTitle "playchess.com"]
[Source "ChessBase"]
[SourceQuality "1"]
[TimeControl "900+10"]

1. e4 c5 2. Nf3 e6 3. d4 cxd4 4. Nxd4 a6 5. c4 d6 6. Nc3 Nf6 7. Be3 Be7 8. Be2 O-O 9. O-O Qc7 10. Rc1 b6 11. f3 Bb7 12. Qe1 Nbd7 13. Qf2 Rac8 14. Rfd1 Qb8 15. g4 h6 16. Nc2 Bd8 17. Bf4 Bc7 18. Ne3 Qa8 19. Bxd6 Bxd6 20. Rxd6 Ne5 21. Rxb6 Nfd7 22. Rd6 f5 23. gxf5 exf5 24. Nxf5 Kh8 25. Rf1 Nf6 26. Qg3 1-0

[Event "Kupreichik Memorial Open 2018"]
[Site "Minsk"]
[Date "2018.06.22"]
[Round "7"]
[White "Svjatocho, Andrej"]
[Black "Sihite, Chelsie Monica Igne"]
[Result "1-0"]
[ECO "C45"]
[WhiteElo "1979"]
[BlackElo "2236"]
[Annotator "NA"]
[PlyCount "103"]
[EventDate "2018.06.21"]
[EventCountry "BLR"]
[SourceTitle "playchess.com"]
[Source "ChessBase"]
[SourceQuality "1"]
[TimeControl "900+10"]

1. e4 e5 2. Nf3 Nc6 3. d4 exd4 4. Nxd4 Bc5 5. Nxc6 Qf6 6. Qd2 dxc6 7. Nc3 Bd7 8. Qf4 O-O-O 9. Bd3 Re8 10. Be3 Bb4 11. O-O Bxc3 12. bxc3 Qxf4 13. Bxf4 Ne7 14. Bg3 h5 15. h4 c5 16. f4 f5 17. Rae1 fxe4 18. Rxe4 Nf5 19. Bf2 b6 20. Rfe1 g6 21. Re5 Rxe5 22. fxe5 Be6 23. a3 Rd8 24. c4 c6 25. Re4 Kd7 26. g4 hxg4 27. Rxg4 Ne7 28. Rg5 Rf8 29. Bxg6 Nxg6 30. Rxg6 Rg8 31. Rxg8 Bxg8 32. h5 Bxc4 33. h6 Bg8 34. Bg3 Ke6 35. Kf2 b5 36. c3 a5 37. Ke3 Bh7 38. Kd2 Kf5 39. Bf2 Kxe5 40. Bxc5 Kd5 41. Bb6 a4 42. Kc1 Kc4 43. Kb2 Kd3 44. Bc5 Bg8 45. Bd6 Kc4 46. Bf8 Bh7 47. Be7 c5 48. Bf8 Kd5 49. Be7 Kc6 50. Bf8 Kb6 51. Be7 Kc6 52. Bf8 1-0

[Event "Kupreichik Memorial Open 2018"]
[Site "Minsk"]
[Date "2018.06.22"]
[Round "7"]
[White "Zhukovskij, Viktor"]
[Black "Badelka, Olga"]
[Result "0-1"]
[ECO "B30"]
[WhiteElo "1973"]
[BlackElo "2153"]
[Annotator "NA"]
[PlyCount "126"]
[EventDate "2018.06.21"]
[EventCountry "BLR"]
[SourceTitle "playchess.com"]
[Source "ChessBase"]
[SourceQuality "1"]
[TimeControl "900+10"]

1. e4 c5 2. Nf3 Nc6 3. Bb5 e6 4. Bxc6 bxc6 5. d3 d5 6. Qe2 Ne7 7. h4 h5 8. b3 Ng6 9. Bb2 f6 10. e5 Be7 11. Nbd2 d4 12. Qe4 f5 13. Qe2 Nf4 14. Qf1 a5 15. g3 Nd5 16. a4 Ba6 17. Nc4 Bxc4 18. dxc4 Nb4 19. O-O-O Qb6 20. Ne1 O-O-O 21. Nd3 g5 22. hxg5 Bxg5+ 23. f4 Be7 24. Qf3 h4 25. gxh4 Bxh4 26. Nxb4 cxb4 27. Rdg1 d3 28. cxd3 Bf2 29. Rf1 Rxh1 30. Rxh1 Qe3+ 31. Qxe3 Bxe3+ 32. Kc2 Bxf4 33. Rh4 Be3 34. Rh3 Bf4 35. d4 Rg8 36. Rf3 Rg2+ 37. Kb1 Bd2 38. Rd3 Kd7 39. Bc1 Bc3 40. c5 Ke8 41. Rh3 Bxd4 42. Rh8+ Kf7 43. Rh7+ Rg7 44. Rh8 Bxe5 45. Rc8 Rg1 46. Kc2 f4 47. Rxc6 f3 48. Be3 f2 49. Bxf2 Rg2 50. Kd3 Rxf2 51. Ra6 Kf6 52. Rxa5 Rf4 53. c6 Rd4+ 54. Ke3 Rd1 55. Ke4 Re1+ 56. Kd3 Rc1 57. Ke4 Bc7 58. Ra6 Ke7 59. Kd4 Kd6 60. Ra8 Kxc6 61. Ra6+ Bb6+ 62. Kd3 Kb7 63. Kd2 Rc8 0-1

[Event "Kupreichik Memorial Open 2018"]
[Site "Minsk"]
[Date "2018.06.22"]
[Round "7"]
[White "Ilyuchyk, Yana"]
[Black "Kolosovskaya, Olga"]
[Result "1-0"]
[ECO "B40"]
[WhiteElo "1971"]
[BlackElo "1747"]
[Annotator "NA"]
[PlyCount "53"]
[EventDate "2018.06.21"]
[EventCountry "BLR"]
[SourceTitle "playchess.com"]
[Source "ChessBase"]
[SourceQuality "1"]
[TimeControl "900+10"]

1. e4 c5 2. Nf3 e6 3. d4 cxd4 4. Nxd4 Nf6 5. Bd3 Nc6 6. Nb3 d5 7. N1d2 Be7 8. O-O O-O 9. Re1 Nb4 10. e5 Nd7 11. Nf3 Nxd3 12. Qxd3 b6 13. Nbd4 Nc5 14. Qe3 Bb7 15. Qf4 Rc8 16. Qg4 Kh8 17. Bg5 Ne4 18. Bxe7 Qxe7 19. c3 Ba6 20. Re3 f5 21. exf6 Rxf6 22. Ne5 Nxf2 23. Qh4 Qd6 24. Qxf6 gxf6 25. Nf7+ Kg7 26. Nxd6 Rd8 27. Nxe6+ 1-0

[Event "Kupreichik Memorial Open 2018"]
[Site "Minsk"]
[Date "2018.06.22"]
[Round "7"]
[White "Artsiomau, Stanislau"]
[Black "Stsepkina, Yauheniya"]
[Result "1-0"]
[ECO "B30"]
[WhiteElo "1954"]
[BlackElo "1591"]
[Annotator "NA"]
[PlyCount "65"]
[EventDate "2018.06.21"]
[EventCountry "BLR"]
[SourceTitle "playchess.com"]
[Source "ChessBase"]
[SourceQuality "1"]
[TimeControl "900+10"]

1. e4 c5 2. Nf3 Nc6 3. g3 g6 4. Bg2 Bg7 5. O-O e6 6. Re1 Nge7 7. d3 O-O 8. c3 d5 9. e5 d4 10. c4 Qc7 11. Qe2 h6 12. h4 a6 13. Bf4 b5 14. b3 b4 15. Nh2 Bb7 16. Ng4 Kh7 17. Nf6+ Kh8 18. Nd2 Ng8 19. Nf3 Qe7 20. Ne4 Nd8 21. Nh2 Bc6 22. Ng4 Nb7 23. Ngf6 Bxe4 24. Bxe4 Nxf6 25. exf6 Bxf6 26. Bxh6 Bg7 27. Bg5 f6 28. Bxg6 fxg5 29. Qh5+ Bh6 30. Qxh6+ Kg8 31. Rxe6 Qg7 32. Qxg5 Rae8 33. Rxe8 1-0

[Event "Kupreichik Memorial Open 2018"]
[Site "Minsk"]
[Date "2018.06.22"]
[Round "7"]
[White "Laptii, Nazar"]
[Black "Nomin-Erdene, Davaademberel"]
[Result "1-0"]
[ECO "A04"]
[WhiteElo "1915"]
[BlackElo "2312"]
[Annotator "NA"]
[PlyCount "115"]
[EventDate "2018.06.21"]
[EventCountry "BLR"]
[SourceTitle "playchess.com"]
[Source "ChessBase"]
[SourceQuality "1"]
[TimeControl "900+10"]

1. Nf3 f5 2. g3 Nf6 3. Bg2 g6 4. O-O Bg7 5. d3 O-O 6. Nbd2 d6 7. e4 Nc6 8. Re1 e5 9. exf5 Bxf5 10. Nc4 Qd7 11. Ne3 Bh3 12. c4 Bxg2 13. Kxg2 h6 14. Rb1 Nd4 15. Nxd4 exd4 16. Nc2 c5 17. b4 g5 18. h3 Rf7 19. Rb2 Raf8 20. bxc5 Ne4 21. f4 Nxg3 22. Kxg3 gxf4+ 23. Kf2 f3 24. Rh1 Re7 25. Ne1 Re2+ 26. Kf1 Qe7 27. Rh2 Qe6 28. Rc2 dxc5 29. Rb2 Be5 30. Nxf3 Rxf3+ 31. Kxe2 Rf7 32. Qg1+ Kh7 33. Kd1 Bxh2 34. Rxh2 Qa6 35. Rc2 Qc6 36. Qg2 Qa4 37. Bd2 Rg7 38. Qf2 Qa3 39. Qf5+ Kh8 40. Be1 Rg1 41. Qf8+ Kh7 42. Qe7+ Kh8 43. Qe5+ Kh7 44. Qe4+ Kh8 45. Re2 Qa4+ 46. Rc2 Qa3 47. Qe5+ Kh7 48. Qf5+ Kh8 49. Qf3 a6 50. Qe2 Kh7 51. Rb2 Qa4+ 52. Kc1 b5 53. Qf2 Rh1 54. Qf7+ Kh8 55. Qe8+ Kg7 56. Rg2+ Kf6 57. Rg6+ Kf5 58. Qe4# 1-0

[Event "Kupreichik Memorial Open 2018"]
[Site "Minsk"]
[Date "2018.06.22"]
[Round "7"]
[White "Zeliantsova, Kseniya"]
[Black "Korniichuk, Oleksandra"]
[Result "1-0"]
[ECO "B40"]
[WhiteElo "1844"]
[BlackElo "1740"]
[Annotator "NA"]
[PlyCount "117"]
[EventDate "2018.06.21"]
[EventCountry "BLR"]
[SourceTitle "playchess.com"]
[Source "ChessBase"]
[SourceQuality "1"]
[TimeControl "900+10"]

1. e4 c5 2. Nf3 e6 3. b3 d5 4. exd5 exd5 5. Bb2 Be6 6. Bb5+ Nd7 7. O-O Ngf6 8. Ng5 Be7 9. Nxe6 fxe6 10. Qe2 a6 11. Bd3 Qb6 12. Re1 c4 13. Bf5 Nf8 14. Bxe6 Nxe6 15. Qxe6 Qxe6 16. Rxe6 Kf7 17. Re1 b5 18. Nc3 Rhd8 19. Ne2 Rac8 20. Nd4 Bd6 21. Re2 Rd7 22. Rae1 Ne4 23. f3 Nxd2 24. c3 Bf4 25. Bc1 cxb3 26. Bxd2 Bxd2 27. Rxd2 bxa2 28. Rxa2 Rxc3 29. Rxa6 Rb7 30. Rb1 b4 31. Ra4 Rc4 32. Nb3 h6 33. Na5 Ra7 34. Nxc4 Rxa4 35. Nb6 Ra5 36. Rxb4 Ra1+ 37. Kf2 Ra2+ 38. Kg3 Rd2 39. Na4 g5 40. Rb6 h5 41. Nc5 Rc2 42. Nd3 Rd2 43. Nb4 Rd1 44. Rd6 d4 45. Nc6 d3 46. Ne5+ Ke7 47. Rxd3 Re1 48. f4 h4+ 49. Kg4 gxf4 50. Ng6+ Kf6 51. Nxf4 Re4 52. Rd6+ Kf7 53. Kf5 Ra4 54. Rd7+ Ke8 55. Rh7 Ra5+ 56. Kf6 h3 57. Ne6 Rf5+ 58. Kxf5 hxg2 59. Ke4 1-0

[Event "Kupreichik Memorial Open 2018"]
[Site "Minsk"]
[Date "2018.06.22"]
[Round "7"]
[White "Stroganova, Karina"]
[Black "Kulneva, Darya"]
[Result "1-0"]
[ECO "E67"]
[WhiteElo "1776"]
[BlackElo "1390"]
[Annotator "NA"]
[PlyCount "77"]
[EventDate "2018.06.21"]
[EventCountry "BLR"]
[SourceTitle "playchess.com"]
[Source "ChessBase"]
[SourceQuality "1"]
[TimeControl "900+10"]

1. d4 Nf6 2. Nf3 g6 3. c4 Bg7 4. g3 d6 5. Bg2 O-O 6. O-O Nbd7 7. Nc3 e5 8. Qc2 Qe7 9. Rd1 a5 10. b3 c6 11. Ba3 c5 12. dxe5 dxe5 13. Nb5 Ne8 14. Rac1 Ra6 15. e4 Nb8 16. Rd5 b6 17. Rcd1 Bd7 18. Bb2 f6 19. Qd2 Bxb5 20. cxb5 Ra7 21. a4 Rb7 22. Bh3 Rf7 23. Qd3 Bf8 24. Qc4 Kh8 25. Rd8 Nc7 26. Bc8 Ra7 27. Nxe5 fxe5 28. Bxe5+ Kg8 29. Bxc7 Rxc7 30. Be6 Rb7 31. Bxf7+ Qxf7 32. Qc3 h6 33. R1d3 Kh7 34. Rf3 Qe7 35. Rdxf8 Qg7 36. Qc4 Nd7 37. R8f7 Qxf7 38. Rxf7+ Kh8 39. Qd5 1-0

[Event "Kupreichik Memorial Open 2018"]
[Site "Minsk"]
[Date "2018.06.22"]
[Round "7"]
[White "Arlou, Valery"]
[Black "Drobyshevsky, Vasily"]
[Result "0-1"]
[ECO "A35"]
[WhiteElo "1743"]
[BlackElo "1551"]
[Annotator "NA"]
[PlyCount "89"]
[EventDate "2018.06.21"]
[EventCountry "BLR"]
[SourceTitle "playchess.com"]
[Source "ChessBase"]
[SourceQuality "1"]
[TimeControl "900+10"]

1. c4 c5 2. Nc3 Nc6 3. e4 e6 4. g3 Nf6 5. Bg2 Be7 6. Nge2 O-O 7. O-O d6 8. d4 cxd4 9. Nxd4 Nxd4 10. Qxd4 e5 11. Qd3 h6 12. b3 a6 13. Rd1 Qc7 14. Bb2 Bd7 15. Rac1 Rad8 16. b4 Qb8 17. b5 axb5 18. cxb5 Be6 19. Nd5 Nxd5 20. exd5 Bd7 21. b6 Rc8 22. h4 Rxc1 23. Rxc1 Rc8 24. Rc4 Rxc4 25. Qxc4 Qc8 26. Qc7 Bd8 27. Qxd6 f6 28. Ba3 Kf7 29. Bc5 Bf5 30. h5 Kg8 31. Kh2 Kh7 32. f3 Qa8 33. a3 Qc8 34. Qf8 Qd7 35. Qd6 Qe8 36. g4 Bc2 37. Bf1 f5 38. Qf8 Qd7 39. Qd6 Qe8 40. Qe6 Qa4 41. Qg6+ Kh8 42. Qe8+ Qxe8 43. d6 fxg4 44. fxg4 Qf7 45. Bg2 {time} 0-1

[Event "Kupreichik Memorial Open 2018"]
[Site "Minsk"]
[Date "2018.06.22"]
[Round "7"]
[White "Shvedau, Mikhail"]
[Black "Maslak, Alexander"]
[Result "0-1"]
[ECO "A45"]
[WhiteElo "1742"]
[BlackElo "2127"]
[Annotator "NA"]
[PlyCount "86"]
[EventDate "2018.06.21"]
[EventCountry "BLR"]
[SourceTitle "playchess.com"]
[Source "ChessBase"]
[SourceQuality "1"]
[TimeControl "900+10"]

1. d4 Nf6 2. b3 g6 3. Bb2 Bg7 4. c4 O-O 5. Nd2 d6 6. Qc2 a5 7. g3 Nbd7 8. Bg2 e5 9. d5 Nc5 10. e4 Ne8 11. f4 exf4 12. Bxg7 Kxg7 13. Qc3+ Qf6 14. Qxf6+ Nxf6 15. gxf4 Nd3+ 16. Ke2 Nxf4+ 17. Kf3 Nd3 18. Nh3 Bg4+ 19. Ke3 Nc5 20. Nf2 Rae8 21. Kd4 Re7 22. a3 Na6 23. h3 Bc8 24. Kc3 Nh5 25. Bf3 Nf4 26. b4 axb4+ 27. axb4 f5 28. Rae1 fxe4 29. Nfxe4 Nxh3 30. c5 dxc5 31. bxc5 Ref7 32. Re3 Bf5 33. Ng3 Ng5 34. d6 Nxc5 35. Nxf5+ gxf5 36. Bh5 Nce4+ 37. Nxe4 Nxe4+ 38. Kb4 Rd7 39. Rg1+ Kh8 40. dxc7 Rxc7 41. Rh3 Rf6 42. Rd3 Rd6 43. Ra3 Rb6+ 0-1

[Event "Kupreichik Memorial Open 2018"]
[Site "Minsk"]
[Date "2018.06.22"]
[Round "7"]
[White "Bezenson, Anton"]
[Black "Tihonov, Jurij"]
[Result "0-1"]
[ECO "A04"]
[WhiteElo "1732"]
[BlackElo "2385"]
[Annotator "NA"]
[PlyCount "58"]
[EventDate "2018.06.21"]
[EventCountry "BLR"]
[SourceTitle "playchess.com"]
[Source "ChessBase"]
[SourceQuality "1"]
[TimeControl "900+10"]

1. Nf3 c5 2. c4 g6 3. Nc3 Bg7 4. d4 cxd4 5. Nxd4 Nc6 6. Nc2 d6 7. g3 Be6 8. Nd5 Nf6 9. Bg2 O-O 10. O-O Ne5 11. Nce3 Rc8 12. Qb3 Bxd5 13. cxd5 Qb6 14. Bd2 Nfd7 15. Qxb6 Nxb6 16. Bc3 Nec4 17. Bxg7 Kxg7 18. Nxc4 Rxc4 19. b3 Rc2 20. Rfc1 Rfc8 21. Rxc2 Rxc2 22. Kf1 Kf6 23. Ke1 a5 24. f4 g5 25. Kd1 Rb2 26. Bf3 a4 27. Kc1 a3 28. Kd1 gxf4 29. gxf4 Kf5 0-1

[Event "Kupreichik Memorial Open 2018"]
[Site "Minsk"]
[Date "2018.06.22"]
[Round "7"]
[White "Beliuga, Mikhail"]
[Black "Sarbay, Aleksandr"]
[Result "1-0"]
[ECO "A38"]
[WhiteElo "1699"]
[BlackElo "2183"]
[Annotator "NA"]
[PlyCount "115"]
[EventDate "2018.06.21"]
[EventCountry "BLR"]
[SourceTitle "playchess.com"]
[Source "ChessBase"]
[SourceQuality "1"]
[TimeControl "900+10"]

1. Nf3 c5 2. c4 Nf6 3. Nc3 Nc6 4. g3 g6 5. Bg2 Bg7 6. O-O O-O 7. d3 d6 8. a3 Bd7 9. Rb1 Qc8 10. b4 cxb4 11. axb4 Bh3 12. Bd2 Bxg2 13. Kxg2 Qf5 14. Qa4 Ne5 15. Nd4 Qh5 16. Ndb5 a6 17. Nd4 Qg4 18. Nc2 h5 19. Ne3 Qe6 20. b5 h4 21. Qb4 a5 22. Qb3 h3+ 23. Kg1 Ned7 24. Rfe1 Nc5 25. Qc2 a4 26. Ncd5 Nxd5 27. Nxd5 Rad8 28. Bc3 Bxc3 29. Nxc3 b6 30. Ra1 Nb3 31. Rxa4 Nd4 32. Qd1 Ra8 33. e3 Nf5 34. Qa1 Nh4 35. Rxa8 Nf3+ 36. Kh1 Nxe1 37. Rxf8+ Kxf8 38. Qxe1 Qf6 39. Kg1 g5 40. Ne4 Qf3 41. Qf1 g4 42. Ng5 Qf5 43. f4 d5 44. cxd5 Qxd5 45. Nxh3 gxh3 46. Qxh3 e6 47. Qh8+ Ke7 48. Qc3 Qf3 49. Qd2 f5 50. d4 Qe4 51. Qe2 Qd5 52. h4 Kf6 53. h5 Qe4 54. Kh2 Kg7 55. g4 fxg4 56. Qxg4+ Kf8 57. Qe2 Kg7 58. Qg2+ 1-0

[Event "Kupreichik Memorial Open 2018"]
[Site "Minsk"]
[Date "2018.06.22"]
[Round "7"]
[White "Yurau, Maksim"]
[Black "Naumovich, Yaroslav"]
[Result "1/2-1/2"]
[ECO "D43"]
[WhiteElo "1694"]
[BlackElo "1959"]
[Annotator "NA"]
[PlyCount "78"]
[EventDate "2018.06.21"]
[EventCountry "BLR"]
[SourceTitle "playchess.com"]
[Source "ChessBase"]
[SourceQuality "1"]
[TimeControl "900+10"]

1. Nf3 Nf6 2. d4 d5 3. c4 c6 4. Nc3 e6 5. g3 Bd6 6. Bg2 O-O 7. O-O Nbd7 8. Qd3 Re8 9. Rd1 Qe7 10. e4 dxe4 11. Nxe4 Nxe4 12. Qxe4 e5 13. Bg5 f6 14. Be3 exd4 15. Qxe7 Bxe7 16. Bxd4 Nf8 17. h3 Be6 18. b3 Bf7 19. Be3 Bb4 20. Bd2 Bxd2 21. Rxd2 Rad8 22. Rad1 Rxd2 23. Rxd2 a5 24. Kf1 a4 25. Re2 Rd8 26. Ke1 axb3 27. axb3 Ne6 28. Rd2 Re8 29. Kd1 Ra8 30. Nd4 Nc5 31. Kc2 Bg6+ 32. Kb2 Re8 33. Nc2 Kf8 34. Kc3 Be4 35. Bf1 Bg6 36. Bg2 Be4 37. Bf1 Bf5 38. Bg2 Be4 39. Bf1 Bf5 1/2-1/2

[Event "Kupreichik Memorial Open 2018"]
[Site "Minsk"]
[Date "2018.06.22"]
[Round "7"]
[White "Tarasenka, Aliaksandra"]
[Black "Uzlavataya, Anhelina"]
[Result "0-1"]
[ECO "D86"]
[WhiteElo "1682"]
[BlackElo "1925"]
[Annotator "NA"]
[PlyCount "70"]
[EventDate "2018.06.21"]
[EventCountry "BLR"]
[SourceTitle "playchess.com"]
[Source "ChessBase"]
[SourceQuality "1"]
[TimeControl "900+10"]

1. c4 Nf6 2. Nc3 d5 3. cxd5 Nxd5 4. d4 g6 5. e4 Nxc3 6. bxc3 Bg7 7. Bc4 O-O 8. h3 c5 9. Nf3 Nc6 10. Be3 cxd4 11. cxd4 Qa5+ 12. Qd2 Qxd2+ 13. Kxd2 Rd8 14. Kc3 Na5 15. Bb3 Nxb3 16. axb3 Bd7 17. b4 Rac8+ 18. Kd2 a6 19. Rac1 Bc6 20. Kd3 e5 21. d5 f5 22. Rxc6 bxc6 23. exf5 gxf5 24. Ng5 cxd5 25. Ne6 Rd6 26. Nc5 d4 27. Bg5 e4+ 28. Kd2 Rb6 29. Rc1 Rxb4 30. Nxa6 Rb2+ 31. Kd1 Rxc1+ 32. Bxc1 Rxf2 33. g3 d3 34. Nc5 Rf1+ 35. Kd2 Bh6+ 0-1

[Event "Kupreichik Memorial Open 2018"]
[Site "Minsk"]
[Date "2018.06.22"]
[Round "7"]
[White "Kozlov, Valentin"]
[Black "Polovkov, Valery"]
[Result "1-0"]
[ECO "B99"]
[WhiteElo "1553"]
[BlackElo "1830"]
[Annotator "NA"]
[PlyCount "87"]
[EventDate "2018.06.21"]
[EventCountry "BLR"]
[SourceTitle "playchess.com"]
[Source "ChessBase"]
[SourceQuality "1"]
[TimeControl "900+10"]

1. e4 c5 2. Nf3 d6 3. d4 cxd4 4. Nxd4 Nf6 5. Nc3 a6 6. Bg5 e6 7. f4 Be7 8. Qf3 Qc7 9. O-O-O Nbd7 10. g4 b5 11. Bxf6 Nxf6 12. g5 Nd7 13. f5 Bxg5+ 14. Kb1 O-O 15. Qg3 Bf6 16. fxe6 Nb6 17. Nd5 Nxd5 18. exd5 fxe6 19. Nxe6 Bxe6 20. dxe6 Be5 21. Qh3 Rac8 22. Bd3 g6 23. Rhf1 Kg7 24. Rf7+ Rxf7 25. exf7 Rf8 26. Qg4 Rxf7 27. h4 Qd7 28. Qe4 Qf5 29. Qc6 Qf3 30. Qxf3 Rxf3 31. Rh1 h6 32. a4 bxa4 33. Bxa6 a3 34. b3 Rf2 35. Bd3 Rg2 36. Ka2 Bb2 37. b4 Rg4 38. b5 g5 39. hxg5 hxg5 40. b6 Rb4 41. b7 Kg8 42. Rh7 Bc1 43. Rc7 Rb2+ 44. Ka1 1-0

[Event "Kupreichik Memorial Open 2018"]
[Site "Minsk"]
[Date "2018.06.22"]
[Round "7"]
[White "Tkachou, Pavel"]
[Black "Tyurin, Artem"]
[Result "0-1"]
[ECO "A49"]
[WhiteElo "1535"]
[BlackElo "1855"]
[Annotator "NA"]
[PlyCount "48"]
[EventDate "2018.06.21"]
[EventCountry "BLR"]
[SourceTitle "playchess.com"]
[Source "ChessBase"]
[SourceQuality "1"]
[TimeControl "900+10"]

1. d4 Nf6 2. Nf3 g6 3. g3 Bg7 4. Bg2 O-O 5. O-O d5 6. c4 dxc4 7. Ne5 Nc6 8. Nxc6 bxc6 9. Bxc6 Bh3 10. Re1 Rb8 11. e3 Nd5 12. Nc3 Nb4 13. Be4 e5 14. a3 exd4 15. exd4 Nd3 16. Bxd3 cxd3 17. Qxd3 Bxd4 18. Rd1 Re8 19. Bf4 Bxf2+ 20. Kxf2 Rxb2+ 21. Kg1 Re1+ 22. Rxe1 Qxd3 23. Bh6 Qd4+ 24. Kh1 Bg2# 0-1